 Dungeon Crawl Stone Soup version 0.28-a0-773-g130ae17fe5 (webtiles) character file.

Game seed: 17184092769473529332

100 cheechan the Skirmisher (level 4, -7/42 HPs)
             Began as a Naga Fighter on Nov 1, 2021.
             Mangled by a gnoll (9 damage)
             ... on level 2 of the Dungeon.
             The game lasted 00:03:29 (1119 turns).

cheechan the Skirmisher (Naga Fighter)              Turns: 1119, Time: 00:03:30

Health: -7/42      AC:  5    Str: 19    XL:     4   Next: 73%
Magic:  4/4        EV:  7    Int:  9    God:
Gold:   67         SH:  4    Dex: 10    Spells: 3/3 levels left

rFire   . . .      SeeInvis +   a - +1 war axe
rCold   . . .      Faith    .   c - +0 buckler
rNeg    . . .      Spirit   .   b - +0 scale mail
rPois   +          Reflect  .   (no helmet)
rElec   .          Harm     .   (no cloak)
rCorr   .          Rampage  .   (no gloves)
Will    .....                   (no barding)
Stlth   ..........              (no amulet)
HPRegen 0.14/turn               (no ring)
MPRegen 0.09/turn               (no ring)

@: very slow
A: AC +1, large, see invisible, deformed body, poison resistance, slowness 2,
spit poison 1, naga tail 1
a: Spit Poison


You were on level 2 of the Dungeon.
You visited 1 branch of the dungeon, and saw 2 of its levels.

You collected 67 gold pieces.

Inventory:

Hand Weapons
 a - a +1 war axe (weapon)
 d - a +2 quarterstaff of chaos
Missiles
 e - 59 stones
 g - 19 arrows
 i - 44 sling bullets
Armour
 b - a +0 scale mail (worn)
 c - a +0 buckler (worn)
 h - a +0 cloak
Potions
 f - a potion of curing
 j - 2 potions of attraction {unknown}


   Skills:
 + Level 3.4 Fighting
 + Level 2.9 Axes
 + Level 3.1 Armour
 + Level 1.0 Dodging
 + Level 2.7 Shields


You had 3 spell levels left.
You didn't know any spells.
Your spell library was empty.

Dungeon Overview and Level Annotations

Branches:
Dungeon (2/15)

Altars:


Innate Abilities, Weirdness & Mutations

Your serpentine skin is tough. (AC +1)
You have supernaturally acute eyesight. (SInv)
Armour fits poorly on your strangely shaped body.
Your system is resistant to poisons. (rPois)
You cover ground very slowly.
You can spit poison.
You have a snake-like lower body.


Message History

The adder bites you but does no damage. x2
You slash the adder!
You kill the adder!
Found a stone staircase leading up.
Found 28 arrows.
A gnoll comes into view. It is wielding a +0 club.
The gnoll shouts!
A gnoll comes into view. It is wielding a +0 flail. x2
You barely miss the gnoll. The gnoll hits you with a +0 club!
You slash the gnoll!
The gnoll is almost dead.
The gnoll hits you with a +0 club.
You closely miss the gnoll.
The gnoll is almost dead.
Your scale mail prevents you from hitting the gnoll.
The gnoll hits you with a +0 club. The gnoll hits you with a +0 flail!
You barely miss the gnoll. You hit the gnoll. The gnoll closely misses you.
You block the gnoll's attack.
You slash the gnoll!
You kill the gnoll!
You slash the gnoll!
You kill the gnoll!
You hit the gnoll. The gnoll hits you with a +0 flail!
* * * LOW HITPOINT WARNING * * *
Your Dodging skill increases to level 1!
You hit the gnoll.
The gnoll is moderately wounded.
The gnoll barely misses you.
You hit the gnoll.
The gnoll is heavily wounded.
You block the gnoll's attack. The gnoll hits you with a +0 flail.
* * * LOW HITPOINT WARNING * * *
You hit the gnoll.
The gnoll is severely wounded.
The gnoll hits you with a +0 flail.
* * * LOW HITPOINT WARNING * * *
You barely miss the gnoll.
The gnoll is severely wounded.
The gnoll hits you with a +0 flail!
You die...

#...# ######...# ..
###########...#....##...
........................
####....###.#.#....#..##
.....##.##..#....###.##
.....##......#...###.###
.....###...#.....)......
.....# #.####...@)......
##.### #.###.....g......
#.. ###................
#.####....##......<.(...
.........# #............
#.# #...<#..............
#.###......##...........
.........#####..........
.......#.#


You could see a gnoll.

Vanquished Creatures
  Crazy Yiuf (D:2)
  An adder (D:2)
  2 gnolls (D:2)
  A worm (D:2)
  3 dart slugs
  3 ball pythons
  3 bats
  An endoplasm (D:1)
  5 giant cockroaches
  4 goblins
  A quokka (D:1)
  3 kobolds (D:1)
  5 rats
33 creatures vanquished.

Vanquished Creatures (others)
  5 toadstools (D:1)
5 creatures vanquished.

Grand Total: 38 creatures vanquished

Notes
Turn   | Place    | Note
-------+----------+-------------------------------------------
     0 | D:1      | cheechan the Naga Fighter began the quest for the Orb.
     0 | D:1      | Reached XP level 1. HP: 21/21 MP: 1/1
   100 | D:1      | Reached XP level 2. HP: 16/28 MP: 2/2
   511 | D:1      | Reached XP level 3. HP: 22/34 MP: 3/3
   604 | D:1      | Found a faded altar of an unknown god.
   698 | D:2      | Found a runed translucent door.
   699 | D:2      | Noticed Crazy Yiuf
   930 | D:2      | Killed Crazy Yiuf
   931 | D:2      | Reached XP level 4. HP: 42/42 MP: 4/4
  1116 | D:2      | Reached skill level 1 in Dodging
  1118 | D:2      | HP: 2/42 [gnoll (2)]
  1119 | D:2      | Mangled by a gnoll

Illustrated notes

Levels and vault maps discovered:
D:1:      ldierk_walled_garden, layout_loops_ring, basic_ecumenical_altar
D:2:      layout_rooms, uniq_crazy_yiuf_cottage

Skill      XL: |  1  2  3  4 |
---------------+-------------+-----
Armour         | 3 |  3.1
Dodging        | 1 |  1.0
Fighting       | |  3.4
Axes           | |  2.9
Shields        | |  2.7

Action                   |  1- 3 |  4- 6 || total
-------------------------+-------+-------++-------
Melee: War axe           |    63 |    27 ||    90
 Abil: Spit Poison       |     1 |       ||     1
  Use: Scroll            |     4 |       ||     4
       Potion            |     1 |       ||     1
Armor: Scale mail        |    34 |    14 ||    48
Dodge: Dodged            |    29 |    17 ||    46
Block: Buckler           |    11 |     4 ||    15

Table legend: (Time is in decaauts)
 A = Elapsed time spent in this place.
 B = Non-inter-level travel time spent in this place.
 C = Inter-level travel time spent in this place.
 D = Time resting spent in this place.
 E = Time spent auto-exploring this place.
 F = Levels seen in this place.
 G = Mean time per level.
                   A        B        C        D        E       F      G
               +--------+--------+--------+--------+--------+-----+--------+
         Total |   1464 |   1464 |      0 |    224 |      0 |   2 |  732.0 |
       Dungeon |   1464 |   1464 |      0 |    224 |      0 |   2 |  732.0 |
               +--------+--------+--------+--------+--------+-----+--------+

Top non-repeatable levels by time:
     D:1: 898 daAuts
     D:2: 565 daAuts
